 Dungeon Crawl Stone Soup version 0.28-a0-535-g6f645e4c1d (webtiles) character file.

Game seed: 7955865357167803879

16 sanka the Chopper (level 2, 29/29 HPs)
             Began as a Gnoll Berserker on Sept 26, 2021.
             Was a Follower of Trog.
             Quit the game on level 1 of the Dungeon.
             The game lasted 00:00:26 (703 turns).

sanka the Chopper (Gnoll Berserker)                  Turns: 703, Time: 00:00:26

Health: 29/29      AC:  2    Str: 16    XL:     2   Next: 54%
Magic:  2/2        EV: 13    Int:  6    God:    Trog [*.....]
Gold:   15         SH:  0    Dex: 11    Spells: 1/1 levels left

rFire   . . .      SeeInvis .   a - +0 hand axe
rCold   . . .      Faith    .   (no shield)
rNeg    . . .      Spirit   .   b - +0 animal skin
rPois   .          Reflect  .   (no helmet)
rElec   .          Harm     .   (no cloak)
rCorr   .          Rampage  .   (no gloves)
Will    .....                   (no boots)
Stlth   +.........              (no amulet)
HPRegen 0.09/turn               (no ring)
MPRegen 0.08/turn               (no ring)

@: no status effects
A: fangs 1, strong nose, distributed training
a: Renounce Religion, Berserk


You were on level 1 of the Dungeon.
You worshipped Trog.
Trog was aware of your devotion.
You visited 1 branch of the dungeon, and saw 1 of its levels.

You collected 15 gold pieces.


Innate Abilities, Weirdness & Mutations

You have very sharp teeth.
Your uncanny sense of smell can sniff out nearby items.
Your experience applies equally to all skills.


   Skills:
 + Level 6.5 Fighting
 + Level 0.4 Short Blades
 + Level 0.4 Long Blades
 + Level 6.5 Axes
 + Level 0.4 Maces & Flails
 + Level 0.4 Polearms
 + Level 0.4 Staves
 + Level 0.4 Slings
 + Level 0.4 Bows
 + Level 0.4 Crossbows
 + Level 0.4 Throwing
 + Level 4.5 Armour
 + Level 4.5 Dodging
 + Level 0.4 Stealth
 + Level 0.4 Shields
 + Level 0.4 Unarmed Combat
 + Level 0.4 Spellcasting
 + Level 0.2 Conjurations
 + Level 0.2 Hexes
 + Level 0.2 Summonings
 + Level 0.2 Necromancy
 + Level 0.2 Translocations
 + Level 0.2 Transmutations
 + Level 0.2 Fire Magic
 + Level 0.2 Ice Magic
 + Level 0.2 Air Magic
 + Level 0.2 Earth Magic
 + Level 0.2 Poison Magic
 + Level 0.5 Invocations
 + Level 0.4 Evocations


You had one spell level left.
You didn't know any spells.
Your spell library was empty.

Inventory:

Hand Weapons
 a - a +0 hand axe (weapon)
Armour
 b - a +0 animal skin (worn)
Scrolls
 c - a scroll of magic mapping {unknown}
 d - a scroll of teleportation {unknown}
 e - a scroll of immolation {unknown}
 g - a scroll of enchant weapon {unknown}
Potions
 f - 2 potions of curing {unknown}

Dungeon Overview and Level Annotations

Branches:
Dungeon (1/15)

Altars:

▒.▒.▒ ▒.▒.▒ ▒▒▒
▒.▒.▒ ...£...▒
▒▒▒▒.▒.▒.▒▒▒▒▒
.......▒.▒...
▒.....▒.▒.▒▒
▒.....g....▒
▒.......▒..▒
▒.......▒..▒
▒.......▒.(▒▒▒▒▒▒.▒
▒.......▒.........▒
▒.....▒.▒..).▒▒...
▒..!....▒.....+
▒.....▒......▒▒
.▒▒▒▒▒..▒


There were no monsters in sight!


Message History

Found a scroll labelled NIASOTOBRI.
Found 23 stones.
A kobold comes into view. It is wielding a +0 club.
A kobold is nearby!
A kobold is nearby!
A kobold is nearby!
You see here a scroll labelled NIASOTOBRI.
You barely miss the kobold. You slash the kobold!
You kill the kobold!
Trog accepts your kill.
No target in view!
No target in view!
Things that are here:
a +0 club; a kobold corpse
g - a scroll labelled NIASOTOBRI An endoplasm comes into view.
An endoplasm is nearby!
Found a glowing purple potion.
The endoplasm quivers.
Found 7 gold pieces.
You hit the endoplasm.
The endoplasm is heavily wounded.
The endoplasm barely misses you.
You slash the endoplasm!
You kill the endoplasm!
Trog accepts your kill.
No target in view!
No target in view!
Are you sure you want to abandon this character and quit the game? (Confirm with "yes".)

Action                   || total
-------------------------++-------
Melee: Hand axe          ||    36
       Bite              ||     2
       Punch             ||     1
 Stab: Sleeping          ||     1
Armor: Animal skin       ||     2
Dodge: Dodged            ||    26

Levels and vault maps discovered:
D:1:      tarquinn_simple_flora_water_e, layout_basic

Notes
Turn   | Place    | Note
-------+----------+-------------------------------------------
     0 | D:1      | sanka the Gnoll Berserker began the quest for the Orb.
     0 | D:1      | Reached XP level 1. HP: 23/23 MP: 1/1
   122 | D:1      | Reached XP level 2. HP: 27/29 MP: 2/2
   703 | D:1      | Quit the game

Vanquished Creatures
  A dart slug (D:1)
  An endoplasm (D:1)
  3 goblins (D:1)
  3 jackals (D:1)
  A quokka (D:1)
  A bat (D:1)
  2 kobolds (D:1)
12 creatures vanquished.
